 Dungeon Crawl Stone Soup version 0.18.1-2-ga659475 (webtiles) character file.

81 esc the Poker (level 4, -1/38 HPs)
             Began as a Hill Orc Gladiator on May 8, 2016.
             Slain by Crazy Yiuf
             ... wielding a +3 quarterstaff of chaos
              (14 damage)
             ... on level 2 of the Dungeon.
             The game lasted 00:04:56 (1730 turns).

esc the Poker (Hill Orc Gladiator)                  Turns: 1730, Time: 00:04:57

Health: -1/38      AC:  5    Str: 17    XL:     4   Next: 42%
Magic:  4/4        EV: 12    Int:  8    God:
Gold:   94         SH:  0    Dex: 12    Spells: 0 memorised, 3 levels left

rFire  . . .     SeeInvis .     a - +0 trident
rCold  . . .     Gourm    .     b - +0 leather armour
rNeg   . . .     Faith    +     (no shield)
rPois  .         Spirit   .     c - +0 helmet
rElec  .         Dismiss  .     n - +0 cloak
rCorr  .         Reflect  .     (no gloves)
SustAt +         Harm     .     (no boots)
MR     .....                    i - amulet of faith {Faith, !P}
Stlth  +.........               (no ring)
                                m - ring of sustain attributes

@: not resistant to hostile enchantments, very unstealthy
A: no striking features
a: no special abilities


You were on level 2 of the Dungeon.
You were not hungry.

You visited 1 branch of the dungeon, and saw 2 of its levels.

You collected 94 gold pieces.

Inventory:

Hand Weapons
 a - a +0 trident (weapon)
Missiles
 d - 3 throwing nets {=f, !d}
 e - 85 stones (quivered)
Armour
 b - a +0 leather armour (worn)
 c - a +0 helmet (worn)
 k - a +0 ring mail
   (You found it on level 1 of the Dungeon)
 n - a +0 cloak (worn)
   (You found it on level 2 of the Dungeon)
Jewellery
 i - an amulet of faith (around neck) {Faith, !P}
   (You found it on level 1 of the Dungeon)
 m - a ring of sustain attributes (left hand)
   (You found it on level 1 of the Dungeon)
Scrolls
 l - a scroll of identify
 o - a scroll of fear
 r - a scroll of amnesia
Potions
 h - a potion of cancellation
 j - a potion of agility
Comestibles
 f - a bread ration {@e1}


   Skills:
 + Level 3.1 Fighting
 + Level 3.9 Polearms
 - Level 1.7 Throwing
 + Level 2.0 Armour
 + Level 3.1 Dodging


You had 3 spell levels left.
You didn't know any spells.

Dungeon Overview and Level Annotations

Branches:
Dungeon (2/15)

Altars:

Annotations:
D:2 Crazy Yiuf


Message History

You hit the bush but do no damage. You hit the bush but do no damage.
You hit the bush. You hit the bush but do no damage.
You hit the bush but do no damage. You hit the bush but do no damage.
You hit the bush but do no damage. You hit the bush but do no damage.
You hit the bush. You hit the bush but do no damage.
You hit the bush but do no damage. You hit the bush.
You hit the bush but do no damage. You hit the bush.
You hit the bush but do no damage. You puncture the bush! You hit the bush.
You hit the bush but do no damage. You hit the bush but do no damage.
You hit the bush but do no damage. You hit the bush but do no damage.
You hit the bush. You hit the bush but do no damage.
You hit the bush but do no damage. You hit the bush but do no damage.
You hit the bush but do no damage. You hit the bush but do no damage.
You hit the bush. You hit the bush but do no damage. You puncture the bush!
You hit the bush but do no damage. You completely miss the bush.
You hit the bush. You hit the bush but do no damage.
You hit the bush but do no damage. You hit the bush but do no damage.
You hit the bush. You hit the bush but do no damage. You puncture the bush!
You hit the bush. You hit the bush but do no damage.
You hit the bush but do no damage. You hit the bush but do no damage.
You hit the bush but do no damage. You hit the bush but do no damage.
You hit the bush but do no damage. You hit the bush. You hit the bush.
You hit the bush but do no damage. You puncture the bush!
You hit the bush but do no damage. You hit the bush but do no damage.
You hit the bush but do no damage. You hit the bush.
You hit the bush but do no damage. You hit the bush but do no damage.
You hit the bush but do no damage. You hit the bush but do no damage.
You hit the bush but do no damage. You hit the bush but do no damage.
You hit the bush. You hit the bush but do no damage.
You hit the bush but do no damage. You hit the bush but do no damage.
You puncture the bush! You hit the bush but do no damage.
You hit the bush but do no damage. You puncture the bush!
You are feeling very hungry.
You hit the bush. You hit the bush but do no damage. You hit the bush.
You hit the bush but do no damage. You hit the bush but do no damage.
You hit the bush but do no damage. You hit the bush but do no damage.
You hit the bush but do no damage. You puncture the bush!
You destroy the bush!
Crazy Yiuf the Enlightened comes into view.
He is wielding a quarterstaff of chaos.
Crazy Yiuf shouts!
Crazy Yiuf twirls on the spot.
Eat which item? (? for menu, Esc to quit)
That beef jerky was delicious!
Attack whom?
Aim: Crazy Yiuf, wielding a quarterstaff of chaos and wearing a cloak You reach to attack!
You barely miss Crazy Yiuf. You closely miss Crazy Yiuf.
Crazy Yiuf whimpers, "Leather return to song sing-song!"
Crazy Yiuf hits you with a quarterstaff of chaos!
Crazy Yiuf freezes you.
You take 15 damage, and have 23/38 hp.
MASSIVE DAMAGE!!
Crazy Yiuf screams, "Island!
Pitchfork foot turtle."
You barely miss Crazy Yiuf. Crazy Yiuf closely misses you.
You hit Crazy Yiuf.
Crazy Yiuf flaps his cloak.
Crazy Yiuf hits you with a quarterstaff of chaos!
You are electrocuted!
You die...

#..# #.#.# #..#
#.#.#
#..###.#.###### #
#.............####
#...............(.
#.###..######†####
#.# #..# #.# # #.#
#### ### #@# #g##
#..#### ###
#.....## #..)#
#....#.####..g..#
##...PP.#..#
##..P.#.###
########


You could see Crazy Yiuf.

Vanquished Creatures
  A gnoll (D:1)
  An adder (D:2)
  2 oozes
  2 dart slugs (D:1)
  2 giant geckos
  4 bats (D:1)
  2 giant cockroaches
  4 goblins
  4 hobgoblins
  6 jackals
  10 kobolds
  2 ball pythons (D:1)
  2 giant newts (D:1)
  6 rats
  A bush (D:2)
  A fungus (D:2)
50 creatures vanquished.

Notes
Turn   | Place    | Note
--------------------------------------------------------------
     0 | D:1      | esc the Hill Orc Gladiator began the quest for the Orb.
     0 | D:1      | Reached XP level 1. HP: 18/18 MP: 1/1
    64 | D:1      | Reached XP level 2. HP: 25/25 MP: 2/2
    67 | D:1      | Reached skill level 1 in Armour
   279 | D:1      | Reached XP level 3. HP: 30/30 MP: 3/3
   894 | D:2      | Reached skill level 3 in Dodging
   894 | D:2      | Reached XP level 4. HP: 37/37 MP: 4/4
  1018 | D:2      | Reached skill level 3 in Fighting
  1153 | D:2      | Reached skill level 2 in Armour
  1714 | D:2      | Noticed Crazy Yiuf
  1730 | D:2      | Slain by Crazy Yiuf

Skill      XL: |  1  2  3  4 |
---------------+-------------+-----
Armour         | 1 2 |  2.0
Dodging        | 3 |  3.1
Fighting       | 3 |  3.1
Polearms       | |  3.9
Throwing       | |  1.7

Action                   |  1- 3 |  4- 6 || total
-------------------------+-------+-------++-------
Melee: Trident           |   120 |   141 ||   261
  Use: Scroll            |     4 |     2 ||     6
 Stab: Sleeping          |     2 |       ||     2
  Eat: Chunk             |       |     2 ||     2
       Beef jerky        |       |     1 ||     1
Armor: Leather armour    |    34 |     8 ||    42
Dodge: Dodged            |    67 |    15 ||    82

Vault maps used:
D:1:      onia_arrival_handbag, hangedman_decor_push, columned_hall_lemuel,
          minmay_crystal_water, moated_statue
D:2:      uniq_crazy_yiuf_cottage

Table legend:
 A = Turns spent in this place as a percentage of turns spent in the entire game.
 B = Non-inter-level travel turns spent in this place as a percentage of non-inter-level travel turns spent in the entire game.
 C = Inter-level travel turns spent in this place as a percentage of turns spent in this place.
 D = Turns resting spent in this place as a percentage of non-inter-level travel turns spent in this place.
 E = Turns spent auto-exploring this place as a percentage of non-inter-level travel turns spent in this place.
 F = Non-inter-level travel turns spent in this place divided by the number of levels of this place that you've seen.
                   A       B       C       D       E      F
               +-------+-------+-------+-------+-------+----------------------
         Total | 100.0 | 100.0 |   0.2 |   0.6 |   8.2 | 324.5
       Dungeon | 100.0 | 100.0 |   0.2 |   0.6 |   8.2 | 324.5
               +-------+-------+-------+-------+-------+----------------------

Table legend:
 A = Kills in this place as a percentage of kills in entire the game.
 B = Kills by you in this place as a percentage of kills by you in the entire game.
 C = Kills by friends in this place as a percentage of kills by friends in the entire game.
 D = Other kills in this place as a percentage of other kills in the entire game.
 E = Experience gained in this place as a percentage of experience gained in the entire game.
 F = Experience gained in this place divided by the number of levels of this place that you have seen.
                   A       B       C       D       E      F
               +-------+-------+-------+-------+-------+----------------------
         Total | 100.0 | 100.0 |  -nan |  -nan | 100.0 |  58.5
       Dungeon | 100.0 | 100.0 |  -nan |  -nan | 100.0 |  58.5
               +-------+-------+-------+-------+-------+----------------------
